 Dungeon Sprint DCSS version 0.29.1-13-g9f3cf754e1 (webtiles) character file.

Game seed: 13637319720208967291

602 Kuronicle the Martial Artist (level 7, -3/56 HPs)
             Began as an Octopode Monk on Jan 23, 2023.
             Was a Believer of Jiyva.
             Slain by a troll (10 damage)
             ... in the Dungeon (Sprint VII: "The Pits").
             The game lasted 00:02:32 (242 turns).

Kuronicle the Martial Artist (Octopode Monk)         Turns: 242, Time: 00:02:32

Health: -3/56      AC:  1    Str: 12    XL:     7   Next: 41%
Magic:  11/11      EV: 17    Int: 12    God:    Jiyva [**....]
Gold:   0          SH:  0    Dex: 15    Spells: 12/12 levels left

rFire   . . .      SeeInvis .     - Unarmed
rCold   . . .      Faith    .   (no shield)
rNeg    . . .      Spirit   .   (helmet restricted)
rPois   .          Reflect  .   (no amulet)
rElec   .          Harm     .   (no ring)
rCorr   +          Rampage  .   (no ring)
Will    .....      NoTele   +   (no ring)
Stlth   ++++......              (no ring)
HPRegen 1.14/turn               (no ring)
MPRegen 0.42/turn               (no ring)
                                (no ring)
                                (no ring)

@: hasted, very quick
A: almost no armour, amphibious, 8 rings, camouflage 1, gelatinous body 1,
(nimble swimmer 1), tentacles
a: Renounce Religion


You were in the Dungeon.
You worshipped Jiyva.
Jiyva was pleased with you.
You visited 1 branch

Inventory:

Scrolls
 g - a scroll of blinking
Potions
 b - a potion of curing
 e - 4 potions of magic
 f - 2 potions of berserk rage
 h - 2 potions of invisibility


   Skills:
 * Level 8.7 Fighting
 * Level 8.8 Dodging
 + Level 6.2 Stealth
 * Level 9.5 Unarmed Combat
 + Level 3.1 Spellcasting


You had 12 spell levels left.
You didn't know any spells.
Your spell library was empty.

Dungeon Overview and Level Annotations

Branches:
Dungeon (1/1)

Altars:
Cheibriados
Dithmenos
Elyvilon
Fedhas
Gozag
Hepliaklqana
Makhleb
Nemelex Xobeh
Okawaru
Qazlal
Ru
Sif Muna
Trog
Vehumet
Wu Jian
Xom
Yredelemnul
Zin
The Shining One
Jiyva
Lugonu


Innate Abilities, Weirdness & Mutations

You cannot wear most types of armour.
You are amphibious.
You can wear up to eight rings at the same time.
Your skin changes colour to match your surroundings (Stealth+).
Your rubbery body absorbs attacks. (AC +1, EV +1)
((You are camouflaged when in or above water. (Stealth+)))
You have tentacles for arms and can constrict up to eight enemies at once.


Message History

A sky beast appears from thin air!
Reactivating autopickup.
You closely miss the sky beast. You squeeze the sky beast!
The sky beast is moderately wounded.
The sky beast misses you.
You bludgeon the sky beast! Your squeeze misses the sky beast.
The sky beast is severely wounded.
The sky beast completely misses you.
You miss the sky beast.
The sky beast is severely wounded.
The sky beast hits you. The sky beast shocks you.
You closely miss the sky beast. Your squeeze misses the sky beast.
The sky beast is severely wounded.
You barely miss the sky beast. Your squeeze misses the sky beast.
The sky beast is severely wounded.
The sky beast barely misses you.
You tentacle-slap the sky beast. x2; Your squeeze misses the sky beast.
The sky beast is severely wounded.
The sky beast closely misses you.
You closely miss the sky beast. You squeeze the sky beast!
You kill the sky beast!
Your Stealth skill increases to level 6!
You tentacle-slap the troll but do no damage.
You tentacle-slap the troll!
The troll is moderately wounded.
The troll bites you! The troll claws you. The troll misses you.
The orange demon screeches!
You bludgeon the troll! You squeeze the troll!
The troll is heavily wounded.
The troll bites you!
* * * LOW HITPOINT WARNING * * *
The troll claws you.
* * * LOW HITPOINT WARNING * * *
The troll completely misses you.
You feel much better. The troll barely misses you. The troll misses you.
The troll claws you!
You feel yourself speed up. The troll closely misses you. The troll claws you!
* * * LOW HITPOINT WARNING * * *
The troll claws you!
You die...

#†# #.......#
#'###########.......#
#..#.#.##..##########
#.......#.######
##.#.#.##.#...4#
#.......#)#4...#
##.#.#.##.'....+
#.......#T#....#
##.#.#..'@#....#
###############


You could see an orange demon and a troll.

Vanquished Creatures
  A fire bat (D)
  2 sky beasts (D)
  An ogre (D)
  A scorpion (D)
  A crimson imp (D)
  A quasit (D)
  An iguana (D)
  A mummy (D)
  2 adders (D)
  A giant cockroach (D)
  A goblin (D)
  A ball python (D)
  A rat (D)
15 creatures vanquished.

Vanquished Creatures (others)
  Dissolution (D)
  A golden dragon (D)
  3 acid blobs (D)
  2 rockslimes (D)
  2 azure jellies (D)
  A deep elf annihilator (D)
  A fire dragon (D)
  A blizzard demon (D)
  A deep troll shaman (D)
  A deep troll earth mage (D)
  An iron troll (D)
  2 deep trolls (D)
  A yaktaur (D)
  A warg (shapeshifter) (D)
  2 floating eyes (D)
21 creatures vanquished.

Grand Total: 36 creatures vanquished

Notes
Turn   | Place    | Note
-------+----------+-------------------------------------------
     0 | D        | Kuronicle the Octopode Monk began the quest for the Orb.
     0 | D        | Reached XP level 1. HP: 16/16 MP: 1/1
    37 | D        | Found a bloodstained altar of Trog.
    37 | D        | Found a shimmering blue altar of Sif Muna.
    37 | D        | Found a viscous altar of Jiyva.
    37 | D        | Found a hazy altar of Hepliaklqana.
    37 | D        | Found an opulent altar of Gozag.
    38 | D        | Found a glowing golden altar of the Shining One.
    38 | D        | Found a glowing silver altar of Zin.
    38 | D        | Found a basalt altar of Yredelemnul.
    38 | D        | Found a shimmering altar of Xom.
    38 | D        | Found an ornate altar of the Wu Jian Council.
    38 | D        | Found a sacrificial altar of Ru.
    38 | D        | Found a stormy altar of Qazlal.
    38 | D        | Found an iron altar of Okawaru.
    38 | D        | Found a sparkling altar of Nemelex Xobeh.
    38 | D        | Found a burning altar of Makhleb.
    38 | D        | Found a blossoming altar of Fedhas.
    38 | D        | Found a white marble altar of Elyvilon.
    38 | D        | Found a shadowy altar of Dithmenos.
    38 | D        | Found a snail-covered altar of Cheibriados.
    41 | D        | Found a corrupted altar of Lugonu.
    41 | D        | Found a radiant altar of Vehumet.
    43 | D        | Became a worshipper of Jiyva Jycler the Shapeless
    43 | D        | Reached * piety under Jiyva
    43 | D        | Reached ** piety under Jiyva
    44 | D        | Killed a deep elf annihilator
    45 | D        | Killed a fire dragon
    45 | D        | Killed a floating eye
    45 | D        | Killed a floating eye
    46 | D        | Killed an acid blob
    46 | D        | Killed a deep troll earth mage
    46 | D        | Killed an acid blob
    47 | D        | Killed a golden dragon
    48 | D        | Killed an azure jelly
    50 | D        | Killed a deep troll
    51 | D        | Killed a rockslime
    52 | D        | Killed an acid blob
    54 | D        | Noticed a floating eye
    54 | D        | Killed an azure jelly
    61 | D        | Killed a blizzard demon
    62 | D        | Killed a rockslime
    68 | D        | Killed a deep troll shaman
    70 | D        | Killed a yaktaur
    71 | D        | Killed an iron troll
    72 | D        | Killed a deep troll
    72 | D        | Killed Dissolution
    77 | D        | Noticed an iguana
    80 | D        | Noticed a scorpion
    97 | D        | Noticed a quasit
   113 | D        | Killed an iguana
   114 | D        | Reached skill level 4 in Unarmed Combat
   114 | D        | Reached XP level 2. HP: 23/23 MP: 2/2
   114 | D        | Reached XP level 3. HP: 27/27 MP: 3/3
   117 | D        | Killed a warg
   125 | D        | Reached skill level 5 in Fighting
   125 | D        | Reached skill level 5 in Dodging
   125 | D        | Reached skill level 5 in Unarmed Combat
   125 | D        | Reached XP level 4. HP: 24/35 MP: 4/4
   132 | D        | Killed a scorpion
   133 | D        | Reached skill level 6 in Unarmed Combat
   133 | D        | Reached XP level 5. HP: 28/42 MP: 5/5
   172 | D        | Reached skill level 1 in Spellcasting
   173 | D        | Noticed an ogre
   173 | D        | Noticed a fire bat
   173 | D        | Noticed a sky beast
   177 | D        | Noticed a sky beast
   177 | D        | Noticed a troll
   177 | D        | Noticed an orange demon
   203 | D        | Killed a sky beast
   204 | D        | Reached skill level 5 in Stealth
   204 | D        | Reached skill level 7 in Unarmed Combat
   204 | D        | Reached XP level 6. HP: 44/49 MP: 6/8
   207 | D        | Killed a fire bat
   208 | D        | Reached skill level 8 in Unarmed Combat
   213 | D        | Reached skill level 9 in Unarmed Combat
   213 | D        | Reached XP level 7. HP: 50/56 MP: 9/11
   242 | D        | Slain by a troll

Illustrated notes

Levels and vault maps discovered:
D:        pitsprint [storerooms_1, entrance_room_1, metal_vault_7, armoury_2,
          mini_pit_1, grid_room_1, main_hall_1, silver_pit, the_coven_3,
          the_vestibule_1, steel_vault_2, golden_pit, hallway_of_sentries,
          crystal_vault_2, iron_vault_4, final_vault]

Skill      XL: |  1  2  3  4  5  6  7 |
---------------+----------------------+-----
Fighting       | 4 5 6 7 8 |  8.7
Dodging        | 4 5 6 7 8 |  8.8
Stealth        | 3 4 5 6 |  6.2
Unarmed Combat | 4 5 6 7 9 |  9.5
Spellcasting   | 1 3 |  3.1

Action                   |  1- 3 |  4- 6 |  7- 9 || total
-------------------------+-------+-------+-------++-------
Melee: Unarmed           |    16 |    30 |     9 ||    55
       Tentacles         |     3 |     8 |     3 ||    14
       Constrict         |     2 |     6 |       ||     8
       Punch             |     2 |     4 |     2 ||     8
  Use: Potion            |     2 |       |     2 ||     4
 Stab: Sleeping          |     1 |     2 |       ||     3
Armor: Skin              |     1 |     1 |       ||     2
Dodge: Dodged            |    39 |    19 |     9 ||    67
